 Dungeon Crawl Stone Soup version 0.30.1-11-g7821555f0a (webtiles) character file.

Game seed: 10549556662920740095

135 bnorton916 the Magician (level 4, -2/24 HPs)
             Began as a Deep Elf Fire Elementalist on Nov 11, 2023.
             Slain by Edmund
             ... wielding a +2 dire flail of protection
              (16 damage)
             ... on level 4 of the Dungeon.
             The game lasted 00:03:35 (3961 turns).

bnorton916 the Magician (DEFE)                      Turns: 3961, Time: 00:03:35

Health: -2/24      AC:  4    Str:  5    XL:     4   Next: 96%
Magic:  4/12       EV: 17    Int: 22    God:
Gold:   56         SH:  0    Dex: 15    Spells: 9/12 levels left

rFire   . . .        t - +2 short sword (venom)
rCold   . . .        (no shield)
rNeg    . . .        a - +0 robe
rPois   .            s - +0 helmet
rElec   .            (no cloak)
rCorr   .            (no gloves)
SInv    .            w - +0 pair of boots
Will    +....        (no amulet)
Stlth   ++           j - ring of willpower
HPRegen 0.24/turn    r - +5 ring of evasion
MPRegen 0.13/turn

%: no passive effects
@: very slightly contaminated
A: no striking features
a: no special abilities


You were on level 4 of the Dungeon.
You visited 1 branch of the dungeon, and saw 5 of its levels.

You collected 89 gold pieces.
You spent 33 gold pieces at shops.

Inventory:

Hand Weapons
 t - a +2 short sword of venom (weapon)
Armour
 a - a +0 robe (worn)
 s - a +0 helmet (worn)
 w - a +0 pair of boots (worn)
Jewellery
 j - a ring of willpower (left hand)
 r - a +5 ring of evasion (right hand)
Scrolls
 e - a scroll of enchant armour {unknown}
 f - 2 scrolls of amnesia {unknown}
 h - a scroll of magic mapping {unknown}
 i - 4 scrolls of identify {unknown}
 k - a scroll of fog {unknown}
 l - a scroll of blinking {unknown}
 m - a scroll of fear {unknown}
 o - a scroll of teleportation {unknown}
 y - a scroll of enchant weapon {unknown}
Potions
 b - a potion of magic
 c - 2 potions of curing
 d - a potion of invisibility {unknown}
 g - a potion of resistance
 n - a potion of mutation {unknown}
 p - a potion of attraction {unknown}
 q - a potion of might {unknown}
 u - a potion of degeneration {unknown}
 v - a potion of berserk rage {unknown}
 x - a potion of haste {unknown}


   Skills:
 - Level 2.5 Dodging
 - Level 2.5 Stealth
 + Level 4.6 Spellcasting
 + Level 3.0 Conjurations
 + Level 4.4 Fire Magic


You had 9 spell levels left.
You knew the following spells:

 Your Spells              Type           Power      Damage    Failure   Level
a - Foxfire               Conj/Fire      84%        2x1d8     2%          1
b - Scorch                Fire           48%        2d7       2%          2

Your spell library contained the following spells:

 Spells                   Type           Power      Damage    Failure   Level
 Inner Flame              Hex/Fire       14%        N/A       13%         3
 Volatile Blastmotes      Fire/Tloc      28%        2d12      13%         3
 Flame Wave               Conj/Fire      21%        2d8       22%         4


Dungeon Overview and Level Annotations

Branches:
Dungeon (5/15)
 Temple: D:4-7

Altars:
Cheibriados
Okawaru
Xom

Shops:
D:4 !

Annotations:
D:4 Edmund, Pikel


Message History

You conjure some foxfire!
The foxfire hits Edmund but does no damage.
The foxfire hits Edmund.
Edmund is lightly wounded.
Casting: Foxfire (safe; 2% risk of failure)
Confirm with . or Enter, or press ? or * to list all spells.
You conjure some foxfire!
The foxfire hits Edmund.
Edmund is lightly wounded.
Edmund drinks a potion.
Edmund suddenly seems more resistant.
The foxfire hits Edmund but does no damage.
Edmund is lightly wounded.
Casting: Foxfire (safe; 2% risk of failure)
Confirm with . or Enter, or press ? or * to list all spells.
You conjure some foxfire!
The foxfire hits Edmund.
Edmund resists.
Edmund is moderately wounded.
The foxfire hits Edmund but does no damage.
Edmund is moderately wounded.
Casting: Foxfire (safe; 2% risk of failure)
Confirm with . or Enter, or press ? or * to list all spells.
Flames lash Edmund.
Edmund resists.
Edmund is moderately wounded.
Edmund's fire resistance burns away.
Edmund hits you with a +2 dire flail of protection!
Casting: Scorch (safe; 2% risk of failure)
Confirm with . or Enter, or press ? or * to list all spells.
You miscast Scorch.
You are very lightly contaminated with residual magic.
Nothing appears to happen.
Edmund is no longer more vulnerable to fire.
Edmund completely misses you.
Casting: Scorch (safe; 2% risk of failure)
Confirm with . or Enter, or press ? or * to list all spells.
Flames lash Edmund.
Edmund resists.
Edmund is heavily wounded.
Edmund's fire resistance burns away.
Edmund barely misses you.
Edmund hits you with a +2 dire flail of protection!
Ouch! That really hurt!
You die...

##.# ...# ####
# # # # #####
######...####
#.....@@....#
....####...##.#
# ######.######
#.......#
#..####.#
#..### #...<#
#.##[# #. #.#


You could see Edmund (resistant, combustible).

Vanquished Creatures
  6 adders
  A worm (D:3)
  7 orcs
  6 bats
  7 endoplasms
  2 giant cockroaches
  3 goblins
  5 hobgoblins
  9 jackals
  2 quokkas (D:1)
  3 ball pythons
  7 frilled lizards
  5 kobolds
  6 rats
69 creatures vanquished.

Vanquished Creatures (others)
  314 foxfires
314 creatures vanquished.

Grand Total: 383 creatures vanquished

Notes
Turn   | Place    | Note
-------+----------+-------------------------------------------
     0 | D:1      | bnorton916 the Deep Elf Fire Elementalist began the quest
                  | for the Orb.
     0 | D:1      | Reached XP level 1. HP: 10/10 MP: 6/6
   200 | D:1      | Reached XP level 2. HP: 15/15 MP: 0/8
  1205 | D:2      | Reached XP level 3. HP: 19/19 MP: 5/10
  1516 | D:2      | Found a faded altar of an unknown god.
  1534 | D:2      | Reached XP level 4. HP: 24/24 MP: 8/12
  1537 | D:2      | Learned a level 2 spell: Scorch
  1832 | D:2      | Found a shimmering altar of Xom.
  2365 | D:3      | Found a snail-covered altar of Cheibriados.
  3088 | D:3      | Found an iron altar of Okawaru.
  3354 | D:3      | You fall into a shaft and drop 2 floors!
  3354 | D:5      | Entered Level 5 of the Dungeon
  3380 | D:4      | Found Nunouret's Distillery.
  3396 | D:4      | Bought a potion of curing for 33 gold pieces
  3418 | D:4      | Noticed a scorpion
  3660 | D:4      | Noticed Pikel
  3660 | D:4      | Noticed a lemure
  3948 | D:4      | Noticed Edmund
  3961 | D:4      | Slain by Edmund

Illustrated notes

Levels and vault maps discovered:
D:1:      tarquinn_simple_flora_water_d, layout_loops_ring,
          chequers_serial_rivers_micro_e
D:2:      layout_rooms, basic_altar, hellmonk_ecumenical_altar_arch_garden
D:3:      layout_loops_corners, mainiacjoe_overflow_chevrons, old_standard_altar
D:4:      layout_loops_cross, general_overflow_altar, serial_shops,
          nicolae_shop_getting_attention, abandoned_shop, uniq_edmund,
          uniq_pikel
D:5:      layout_rooms, lemuel_crystal_altar, nicolae_overflow_crystal_walls,
          grunt_ministairs_13, minmay_misc_feat_x

Skill      XL: |  1  2  3  4 |
---------------+-------------+-----
Conjurations   | 2 3 |  3.0
Fire Magic     | 4 |  4.4
Spellcasting   | 4 |  4.6
Dodging        | |  2.5
Stealth        | |  2.5

Action                     |  1- 3 |  4- 6 || total
---------------------------+-------+-------++-------
   Cast: Foxfire           |    92 |    95 ||   187
         Scorch            |       |     6 ||     6
 Armour: Robe              |     3 |     2 ||     5
  Dodge: Dodged            |     7 |    17 ||    24
